cohdb
Replays
Latest Replays
All Replays
Popular Replays
Top Player Replays
Match Explorer
How It Works
Community
CoH3 Stats
Reddit
Sign in to upload your games and track your stats! →
Sign in with Steam
Match 40213154
Unlisted
Match 40213154
Overview
Messages
Build Orders
End
Construct Section Command Post
Selects Indian Artillery Battlegroup
Infantry Section
Infantry Section
ML 3-inch Mortar Team
Grenade Package
Infantry Section
Construct Field Infirmary
Selects War Cry
Selects Gurkha Rifles Section
Gurkha Rifles Section
Construct Platoon Command Post
6-pounder Anti-tank Gun Team
6-pounder Anti-tank Gun Team
Infantry Training
War Cry
Selects Volunteer Infantry
Construct Company Command Post
Selects Artillery Saturation
Foot Guards Section
Crusader II Medium Tank
Infantry Section
Foot Guards Section
Selects Off-map Airburst Barrage
Selects BL5.5 Artillery Emplacement
DibbeTC
Mad Mac
Section
H91L25
Stonesight
Apache
ALVARO3804
Sandal
0
0
Comments
sign in to comment!
No comments posted yet!